 Dungeon Crawl Stone Soup version 0.30-a0-374-g95c0257040 (webtiles) character file.

Game seed: 16238949642656134855

215 KennySheep the Shooter (level 5, -5/41 HPs)
             Began as a Demigod Hunter on Nov 26, 2022.
             Killed by divine providence
             ... invoked by an orc priest
              (12 damage)
             ... on level 5 of the Dungeon.
             The game lasted 00:09:59 (2736 turns).

KennySheep the Shooter (Demigod Hunter)             Turns: 2736, Time: 00:09:59

Health: -5/41      AC:  3    Str: 10 (12) XL:     5   Next: 34%
Magic:  7/7        EV: 12    Int:  9 (11) God:
Gold:   162        SH:  0    Dex: 19 (21) Spells: 2/4 levels left

rFire   . . .      SeeInvis .    a - +0 shortbow
rCold   . . .      Faith    .    (shield currently unavailable)
rNeg    . . .      Spirit   .    c - +0 leather armour
rPois   .          Reflect  .    (no helmet)
rElec   .          Harm     .    (no cloak)
rCorr   .          Rampage  .    (no gloves)
Will    .....                    (no boots)
Stlth   ++........               (no amulet)
HPRegen 0.26/turn                (no ring)
MPRegen 0.10/turn                (no ring)

@: no status effects
A: high MP 1, forlorn, divine attributes
a: no special abilities


You were on level 5 of the Dungeon.
You visited 1 branch of the dungeon, and saw 5 of its levels.

You collected 162 gold pieces.

Inventory:

Hand Weapons
 a - a +0 shortbow (weapon)
 b - a +2 dagger of electrocution
Armour
 c - a +0 leather armour (worn)
Magical Staves
 o - a staff of conjuration
Jewellery
 k - a ring of positive energy
 r - a ring of protection from cold
Wands
 m - a wand of polymorph (5)
Scrolls
 f - a scroll of noise
 g - 2 scrolls of teleportation
 i - a scroll of identify
 l - a scroll of immolation
 n - a scroll of enchant armour
 p - a scroll of magic mapping
Potions
 d - 2 potions of degeneration
 h - 2 potions of heal wounds
 j - 3 potions of curing
 q - a potion of might {unknown}


   Skills:
 - Level 1.7 Fighting
 * Level 6.0 Ranged Weapons
 - Level 1.7 Dodging
 - Level 0.8 Stealth
 + Level 1.6 Transmutations


You had 2 spell levels left.
You knew the following spells:

 Your Spells              Type           Power      Damage    Failure   Level
a - Wereblood             Tmut           2%         N/A       41%         2

Your spell library contained the following spells:

 Spells                   Type           Power      Damage    Failure   Level
 Beastly Appendage        Tmut           4%         N/A       28%         1
 Sandblast                Erth           0%         2d4       50%         1
 Shock                    Conj/Air       0%         1d3       50%         1
 Passwall                 Tmut/Erth      0%         N/A       52%         2
 Spider Form              Tmut/Pois      1%         N/A       77%         3
 Ozocubu's Armour         Ice            0%         N/A       86%         3
 Stone Arrow              Conj/Erth      0%         3d7       86%         3
 Swiftness                Air            0%         N/A       86%         3
 Airstrike                Air            0%         2d(0-16)  99%         4
 Iskenderun's Battlesphe  Conj           0%         2d6       100%        5
 Metabolic Englaciation   Hex/Ice        0%         N/A       100%        5
 Iron Shot                Conj/Erth      0%         9d1       100%        6
 Simulacrum               Ice/Necr       0%         N/A       100%        6
 Spellforged Servitor     Conj/Summ      0%         N/A       100%        7


Dungeon Overview and Level Annotations

Branches:
Dungeon (5/15)
 Temple: D:4-7

Annotations:
D:4 1 runed translucent door, Blork the orc; Grinder; kiwi3s's ghost, amateur MiBe


Innate Abilities, Weirdness & Mutations

You have an increased reservoir of magic. (+10% MP)
You shall have no god before yourself.
Your divine heritage dramatically boosts your attributes as you level up.


Message History

Fire: a) +0 shortbow
Press: ? - help, Q - select action, (/) - cycle Shift-Dir - straight line, f/p - adder
Aim: an adder (heavily wounded, 48% to hit)
You shoot an arrow. The arrow hits the orc.
The orc is almost dead.
You feel sick.
You are no longer poisoned.
The orc hits you with a +0 hand axe. The adder bites you.
You are poisoned.
The adder poisons you!
You shoot an arrow. The arrow completely misses the adder.
You feel sick. The orc closely misses you. The adder misses you.
The orc hits you with a +0 hand axe.
You shoot an arrow. The arrow barely misses the adder.
The arrow closely misses the orc.
You feel sick. The adder bites you. The orc closely misses you.
The adder closely misses you.
Fire: a) +0 shortbow
Press: ? - help, Q - select action, (/) - cycle Shift-Dir - straight line, f/p - adder
Aim: an adder (heavily wounded, 48% to hit)
Okay, then.
You shoot an arrow. The arrow hits the adder.
The adder is almost dead.
You feel sick. The adder bites you but does no damage.
The orc hits you with a +0 hand axe. The orc hits you with a +0 short sword.
Blink to where?
Press: ? - help, Dir - move target, p - adder
As you read the scroll of blinking, it crumbles to dust.
You feel sick.
The orc priest calls upon Beogh to heal the orc.
The orc is healed somewhat.
You shoot an arrow. The arrow misses the adder.
You feel sick.
You are no longer poisoned.
You shoot an arrow. The arrow closely misses the adder.
The orc priest calls down the wrath of Beogh upon you.
Pain shoots through your body!
* * * LOW HITPOINT WARNING * * *
Found a notched opal ring.
The orc priest calls down the wrath of Beogh upon you.
Beogh smites you!
You die...

#### #...=
#...######
#..@...#
#.##...#
#.##S.!#
#....o.###
###.......
###oo..###
# ......##
#. #.....
####.
#...###


You could see an orc priest, an adder and 2 orcs.

Vanquished Creatures
  A scorpion (D:4)
  An iguana (D:4)
  An orc wizard (D:3)
  3 adders
  4 dart slugs
  4 orcs (D:3)
  2 bats (D:1)
  7 endoplasms
  3 giant cockroaches
  6 goblins
  9 hobgoblins
  6 quokkas
  7 ball pythons
  2 frilled lizards
  4 kobolds
  7 rats
67 creatures vanquished.

Vanquished Creatures (others)
  7 fungi (D:5)
  2 withered plants (D:4)
9 creatures vanquished.

Grand Total: 76 creatures vanquished

Notes
Turn   | Place    | Note
-------+----------+-------------------------------------------
     0 | D:1      | KennySheep the Demigod Hunter began the quest for the Orb.
     0 | D:1      | Reached XP level 1. HP: 17/17 MP: 3/3
   302 | D:1      | Reached skill level 4 in Ranged Weapons
   544 | D:1      | Reached XP level 2. HP: 24/24 MP: 4/4
  1008 | D:2      | Reached XP level 3. HP: 29/29 MP: 5/5
  1182 | D:2      | Reached skill level 5 in Ranged Weapons
  1704 | D:3      | Learned a level 2 spell: Wereblood
  1897 | D:3      | Reached XP level 4. HP: 36/36 MP: 1/6
  2320 | D:3      | Reached skill level 1 in Transmutations
  2527 | D:4      | Found a runed translucent door.
  2527 | D:4      | Noticed kiwi3s's ghost (amateur MiBe)
  2532 | D:4      | Noticed Grinder
  2559 | D:4      | Reached skill level 6 in Ranged Weapons
  2559 | D:4      | Reached XP level 5. HP: 23/41 MP: 5/7
  2646 | D:4      | Noticed Blork the orc
  2656 | D:5      | Entered Level 5 of the Dungeon
  2736 | D:5      | Killed from afar by an orc priest

Illustrated notes

Levels and vault maps discovered:
D:1:      dpeg_arrival_solitude, layout_loops_corners, grunt_decor_arrowhead,
          minivault_5, hangedman_decor_points, chequers_decorated_corner
D:2:      layout_loops_cross, ebering_ecumenical_altar_webs, minmay_pentomino_s2
D:3:      cheibrodos_old_hovel, layout_loops_ring
D:4:      layout_layer_cave, lemuel_doored_altar, slow_altar_1,
          gammafunk_ghost_grave, feat_on_display, uniq_grinder, uniq_duvessa,
          uniq_edmund, uniq_blork_the_orc
D:5:      layout_rooms, serial_aquarium, aquarium_bridge_straight
          [aquarium_subvault_bridge, aquarium_subvault_window,
          aquarium_subvault_bridge, aquarium_subvault_wall],
          aquarium_window_corridor_1, aquarium_window_corner,
          aquarium_window_fake, aquarium_window_1, aquarium_view_2e,
          aquarium_view_4, aquarium_balcony_1b, nicolae_alphabet_shops,
          serial_bayou_pond_d

Skill      XL: |  1  2  3  4 |
---------------+-------------+-----
Ranged Weapons | 4 5 6 |  6.0
Transmutations | 1 |  1.6
Fighting       | |  1.7
Dodging        | |  1.7
Stealth        | |  0.8

Action                   |  1- 3 |  4- 6 || total
-------------------------+-------+-------++-------
 Fire: Shortbow          |   130 |    63 ||   193
  Use: Potion            |       |     4 ||     4
       Scroll            |       |     6 ||     6
Armor: Leather armour    |    16 |     7 ||    23
Dodge: Dodged            |    21 |    27 ||    48

Table legend: (Time is in decaauts)
 A = Elapsed time spent in this place.
 B = Non-inter-level travel time spent in this place.
 C = Inter-level travel time spent in this place.
 D = Time resting spent in this place.
 E = Time spent auto-exploring this place.
 F = Levels seen in this place.
 G = Mean time per level.
                   A        B        C        D        E       F      G
               +--------+--------+--------+--------+--------+-----+--------+
         Total |   2791 |   2719 |     72 |    126 |   2170 |   5 |  558.2 |
       Dungeon |   2791 |   2719 |     72 |    126 |   2170 |   5 |  558.2 |
               +--------+--------+--------+--------+--------+-----+--------+

Top non-repeatable levels by time:
     D:1: 965 daAuts
     D:2: 733 daAuts
     D:3: 725 daAuts
     D:4: 283 daAuts
     D:5: 83 daAuts
